 Dungeon Crawl Stone Soup version 0.19.3-4-gbf9329e (webtiles) character file.

157 Alarkh the Chopper (level 5, 0/41 HPs)
             Began as a Demonspawn Monk on Jan 28, 2017.
             Succumbed to a scorpion's poison
             ... on level 4 of the Dungeon.
             The game lasted 00:04:09 (3614 turns).

Alarkh the Chopper (Demonspawn Monk)                Turns: 3614, Time: 00:04:09

Health: 0/41       AC:  4    Str: 11    XL:     5   Next: 15%
Magic:  5/5        EV: 13    Int: 13    God:
Gold:   67         SH:  0    Dex: 15    Spells: 0 memorised, 4 levels left

rFire  . . .     SeeInvis .     a - +0 hand axe
rCold  . . .     Gourm    .     b - +0 robe
rNeg   . . .     Faith    .     (no shield)
rPois  .         Spirit   .     (no helmet)
rElec  .         Reflect  .     (no cloak)
rCorr  .         Harm     .     (no gloves)
MR     .....                    (no boots)
Stlth  ++........               (no amulet)
                                (no ring)
                                (no ring)

@: lethally poisoned (0 -> -22)
A: thin metallic scales 1, powered by death 1
a: no special abilities


You were on level 4 of the Dungeon.
You were not hungry.

You visited 1 branch of the dungeon, and saw 4 of its levels.

You collected 67 gold pieces.

Inventory:

Hand Weapons
 a - a +0 hand axe (weapon)
Missiles
 l - a throwing net (quivered)
Armour
 b - a +0 robe (worn)
Jewellery
 f - an uncursed ring of teleportation
Scrolls
 d - a scroll of blinking {unknown}
 e - 4 scrolls of remove curse
 h - a scroll of recharging {unknown}
 i - 2 scrolls of identify {unknown}
Comestibles
 c - 2 bread rations
 g - a chunk of flesh
 j - a royal jelly
 k - a meat ration


   Skills:
 - Level 3.0 Fighting
 + Level 5.3 Axes
 - Level 2.6 Dodging
 - Level 1.7 Stealth


You had 4 spell levels left.
You didn't know any spells.

Dungeon Overview and Level Annotations

Branches:
Dungeon (4/15)
 Temple: D:4-7

Altars:
Uskayaw

Shops:
D:4 =

Annotations:
D:3 Exporg's ghost, amateur DsAK


Innate Abilities, Weirdness & Mutations

You are partially covered in thin metallic scales. (AC +2)
You regenerate a little health from kills.


Message History

You are too injured to fight recklessly!
You hit the scorpion but do no damage.
The scorpion is severely wounded.
You feel sick.
The scorpion stings you but does no damage.
You hit the scorpion but do no damage.
The scorpion is severely wounded.
You feel sick. The scorpion stings you.
* * * LOW HITPOINT WARNING * * *
You aren't carrying any potions.
You barely miss the scorpion.
The scorpion is severely wounded.
* * * LOW HITPOINT WARNING * * *
You feel sick. The scorpion stings you.
* * * LOW HITPOINT WARNING * * *
You are more poisoned.
The scorpion poisons you!
You hit the scorpion but do no damage.
The scorpion is severely wounded.
You die...

+......#......# ...
#......#......# ....
#......#......#.....
#......#......#....
#......#'######s.
######.........#
#.........#
#.......s###
#........@∩#
#######..### #.....
#...... #.......
#....... ########


You could see a scorpion.

Vanquished Creatures
  Natasha (D:2)
  Terence (D:2)
  3 gnolls
  An adder (D:2)
  An ooze (D:1)
  3 worms (D:2)
  2 dart slugs
  A giant cockroach (D:2)
  8 goblins
  5 hobgoblins
  7 kobolds
  A quokka (D:2)
  13 bats
  2 frilled lizards (D:1)
  10 rats
59 creatures vanquished.

Notes
Turn   | Place    | Note
-------+----------+-------------------------------------------
     0 | D:1      | Alarkh the Demonspawn Monk began the quest for the Orb.
     0 | D:1      | Reached XP level 1. HP: 18/18 MP: 1/1
    83 | D:1      | Reached skill level 3 in Axes
   104 | D:1      | Gained mutation: You are partially covered in thin metallic scales. (AC +2) [demonic ancestry]
   104 | D:1      | Reached XP level 2. HP: 19/24 MP: 2/2
   119 | D:1      | You fall through a shaft!
   119 | D:2      | Noticed Terence
   380 | D:2      | Noticed an enchanted hand axe
   381 | D:2      | Noticed a dagger
   382 | D:2      | Found a hide-covered altar of Uskayaw.
   402 | D:2      | Killed Terence
   402 | D:2      | Reached skill level 4 in Axes
   402 | D:2      | Reached XP level 3. HP: 24/29 MP: 3/3
  2099 | D:2      | Gained mutation: You regenerate a little health from kills. [demonic ancestry]
  2099 | D:2      | Reached XP level 4. HP: 34/35 MP: 4/4
  2323 | D:2      | Noticed Natasha
  2337 | D:2      | Killed Natasha
  2880 | D:3      | Reached skill level 5 in Axes
  2888 | D:3      | Noticed Exporg's ghost (amateur DsAK)
  3246 | D:2      | Reached XP level 5. HP: 10/41 MP: 5/5
  3598 | D:4      | Found Xuipsizio's Jewellery Shop.
  3613 | D:4      | HP: 2/41 [scorpion (4)]
  3614 | D:4      | Succumbed to a scorpion's poison

Skill      XL: |  1  2  3  4 |
---------------+-------------+-----
Axes           | 3 4 5 |  5.3
Fighting       | |  3.0
Dodging        | |  2.6
Stealth        | |  1.7

Action                   |  1- 3 |  4- 6 || total
-------------------------+-------+-------++-------
Melee: Hand axe          |   125 |   123 ||   248
  Use: Potion            |     1 |     1 ||     2
       Scroll            |     1 |       ||     1
 Stab: Sleeping          |     8 |     1 ||     9
  Eat: Chunk             |     4 |     3 ||     7
       Pizza             |       |     1 ||     1
Armor: Robe              |    39 |    29 ||    68
       Skin              |       |     4 ||     4
Dodge: Dodged            |    77 |    99 ||   176
